 Dungeon Crawl Stone Soup version 0.25-a0-110-ge29c8f2358 (webtiles) character file.

Game seed: 603346368757675109, levelgen mode: deterministic

146510 vurker the Severer (level 18, -14/151 HPs)
             Began as a Formicid Abyssal Knight on Nov 19, 2019.
             Was an Elder of Lugonu.
             Demolished by Donald
             ... wielding a +1 broad axe of venom
              (17 damage)
             ... on level 4 of the Spider Nest.
             The game lasted 01:24:10 (58227 turns).

vurker the Severer (Formicid Abyssal Knight)       Turns: 58227, Time: 01:24:10

Health: -14/151    AC: 17    Str: 24    XL:     18   Next: 6%
Magic:  2/30       EV:  6    Int: 11    God:    Lugonu [****..]
Gold:   846        SH: 11    Dex: 10    Spells: 17/17 levels left

rFire    + . .     SeeInvis +   a - +6 battleaxe (elec)
rCold    + . .     Gourm    .   U - +0 shield
rNeg     . . .     Faith    +   s - +1 plate armour
rPois    +         Spirit   .   (helmet unavailable)
rElec    .         Reflect  .   A - scarf {rC+ rF+}
rCorr    .         Harm     .   z - +0 pair of gloves
MR       +....                  (no boots)
Stlth    ..........             T - amulet of faith
HPRegen  0.35/turn              F - +4 ring of protection
MPRegen  0.22/turn              m - ring of poison resistance

@: lethally poisoned (-14 -> -14), very slightly contaminated, invisible
A: permanent stasis, dig shafts and tunnels, four strong arms, antennae 3, dopey
1
a: Dig, Shaft Self, Depart the Abyss, Bend Space, Banish, Corrupt, Renounce
Religion


You were on level 4 of the Spider Nest.
You worshipped Lugonu.
Lugonu was greatly pleased with you.
You were not hungry.

You visited 4 branches of the dungeon, and saw 27 of its levels.
You visited the Abyss 1 time.

You collected 2902 gold pieces.
You spent 2056 gold pieces at shops.

Inventory:

Hand Weapons
 a - a +6 battleaxe of electrocution (weapon)
   (You took it off an orc warlord on level 2 of the Orcish Mines)
Missiles
 C - 6 throwing nets (quivered)
Armour
 s - a +1 plate armour (worn)
   (You found it on level 7 of the Dungeon)
 z - a +0 pair of gloves (worn)
   (You bought it in a shop on level 7 of the Dungeon)
 A - a scarf of resistance (worn)
   (You acquired it on level 1 of the Lair of Beasts)
 U - a +0 shield (worn)
   (You took it off a tengu warrior on level 15 of the Dungeon)
Jewellery
 f - an uncursed ring of positive energy
   (You took it off an orc wizard on level 4 of the Dungeon)
 l - an uncursed ring of resist corrosion
   (You found it on level 3 of the Lair of Beasts)
 m - a ring of poison resistance (right hand)
   (You found it on level 4 of the Lair of Beasts)
 r - an uncursed ring of protection from magic
   (You found it on level 7 of the Dungeon)
 B - an uncursed ring of protection from cold
   (You found it on level 1 of the Lair of Beasts)
 F - a +4 ring of protection (left hand)
   (You found it on level 4 of the Lair of Beasts)
 R - a +2 amulet of reflection
   (You found it on level 15 of the Dungeon)
 T - an amulet of faith (around neck)
   (You found it on level 2 of the Spider Nest)
Wands
 c - a wand of disintegration (32)
   (You found it on level 6 of the Dungeon)
 d - a wand of iceblast (5)
   (You bought it in a shop on level 2 of the Orcish Mines)
 g - a wand of enslavement (13)
   (You found it on level 4 of the Dungeon)
 t - a wand of flame (51)
   (You found it on level 14 of the Dungeon)
 u - a wand of paralysis (10)
   (You found it on level 2 of the Lair of Beasts)
 v - a wand of digging (8)
   (You found it on level 10 of the Dungeon)
 x - a wand of acid (16)
   (You bought it in a shop on level 2 of the Orcish Mines)
 Q - a wand of clouds (2)
   (You found it on level 13 of the Dungeon)
Scrolls
 b - 6 scrolls of fear
 i - 16 scrolls of remove curse
 j - a scroll of summoning
 n - 6 scrolls of identify
 D - 5 scrolls of fog
 E - 3 scrolls of enchant armour
 G - a scroll of magic mapping
 M - a scroll of brand weapon
 N - 4 scrolls of immolation
 S - a scroll of silence
Potions
 h - a potion of invisibility
 k - 3 potions of brilliance
 p - 2 potions of ambrosia
 q - a potion of mutation
 w - 4 potions of flight
 I - a potion of lignification
 K - a potion of cancellation
 O - 6 potions of magic
Miscellaneous
 y - a phial of floods (inert)
   (You bought it in a shop on level 2 of the Orcish Mines)
 L - a fan of gales (inert)
   (You found it on level 6 of the Lair of Beasts)
Comestibles
 e - 10 rations


   Skills:
 + Level 15.9 Fighting
 * Level 19.6 Axes
 - Level 2.1 Armour
 - Level 0.8 Dodging
 + Level 7.4 Shields
 + Level 17.0 Invocations
 + Level 7.4 Evocations


You had 17 spell levels left.
You didn't know any spells.
Your spell library contained the following spells:

 Spells                   Type           Power        Failure   Level  Hunger
 Animate Skeleton         Necr           N/A          100%        1    ##.....
 Apportation              Tloc           #.....       100%        1    ##.....
 Confusing Touch          Hex            #.....       100%        1    ##.....
 Pain                     Necr           #...         100%        1    ##.....
 Summon Butterflies       Summ           #.......     100%        1    ##.....
 Poisonous Vapours        Pois/Air       #.....       100%        2    ###....
 Confuse                  Hex            #.......     100%        3    ####...
 Conjure Flame            Conj/Fire      #.......     100%        3    ####...
 Gell's Gravitas          Tloc           #.........   100%        3    ####...
 Ignite Poison            Fire/Tmut/Pois #.......     100%        3    ####...
 Lesser Beckoning         Tloc           #.........   100%        3    ####...
 Mephitic Cloud           Conj/Pois/Air  #.......     100%        3    ####...
 Recall                   Summ/Tloc      N/A          100%        3    ####...
 Regeneration             Chrm/Necr      #.........   100%        3    ####...
 Tukima's Dance           Hex            #.......     100%        3    ####...
 Vampiric Draining        Necr           #.........   100%        3    ####...
 Animate Dead             Necr           N/A          100%        4    #####..
 Cause Fear               Hex            #.........   100%        4    #####..
 Petrify                  Tmut/Erth      #.......     100%        4    #####..
 Summon Lightning Spire   Summ/Air       #.......     100%        4    #####..
 Alistair's Intoxication  Tmut/Pois      #.......     100%        5    ######.
 Aura of Abjuration       Summ           #.........   100%        5    ######.
 Fireball                 Conj/Fire      #.........   100%        5    ######.
 Metabolic Englaciation   Hex/Ice        #.........   100%        5    ######.
 Silence                  Hex/Air        #.........   100%        5    ######.
 Summon Demon             Summ           #.........   100%        5    ######.
 Summon Forest            Summ/Tloc      #.........   100%        5    ######.
 Summon Mana Viper        Hex/Summ       #.......     100%        5    ######.
 Yara's Violent Unravell  Hex/Tmut       #.........   100%        5    ######.
 Bolt of Fire             Conj/Fire      #.........   100%        6    #######
 Conjure Ball Lightning   Conj/Air       #.........   100%        6    #######
 Deflect Missiles         Chrm/Air       #.........   100%        6    #######
 Freezing Cloud           Conj/Ice/Air   #.........   100%        6    #######
 Invisibility             Hex            #.......     100%        6    #######
 Shadow Creatures         Summ           N/A          100%        6    #######
 Ring of Flames           Chrm/Fire      #.........   100%        7    #######
 Discord                  Hex            #.........   100%        8    #######
 Ignition                 Fire           #.........   100%        8    #######
 Tornado                  Air            #.........   100%        9    #######


Dungeon Overview and Level Annotations

Branches:
Dungeon (15/15)            Temple (0/1) D:5            Lair (6/6) D:8
 Shoals (0/4) Lair:2       Spider (4/4) Lair:4        Slime (0/5) Lair:6
    Orc (2/2) D:9             Elf (0/3) Orc:2        Vaults (0/5) D:14
 Depths (0/5) D:15

Altars:
Cheibriados
Dithmenos
Elyvilon
Okawaru
Ru
Trog
Wu Jian
Xom

Shops:
D:7 [   D:10 *   Orc:2 (}?!

Portals:
Pandemonium: Orc:2

Annotations:
D:13 3 runed translucent doors, Iseh's ghost, journeyman FoFi
D:14 1 runed translucent door, Woryl's ghost, journeyman CeHu
Lair:1 1 runed translucent door, quik's ghost, journeyman BaAM
Lair:2 1 runed translucent door, Habiwosh's ghost, journeyman GnSk
Spider:4 Donald
Abyss:1 Erica; Erolcha; Frances; Nergalle; Nessos; Sonja


Innate Abilities, Weirdness & Mutations

You cannot be hasted, slowed, berserked, paralysed or teleported.
You can dig through walls and to a lower floor.
Your four strong arms can wield two-handed weapons with a shield.
You have a pair of large antennae on your head. (SInv)
You are dopey. (Int -2)


Message History

The ghost moth stings your water elemental.
Your water elemental struggles to get unstuck from the web.
Donald hits you with a +1 broad axe of venom.
* * * LOW HITPOINT WARNING * * *
You reach into the bag... ...and things crawl out!
Donald is caught in a web!
The now-empty bag unravels in your hand.
The ghost moth hits your water elemental.
The ghost moth hits your water elemental!
The ghost moth stings your water elemental.
The emperor scorpion closely misses your redback.
The emperor scorpion claws your redback!
The emperor scorpion misses your redback.
The emperor scorpion stings your redback!!
Your redback dies!
Your redback's corpse disappears in a puff of smoke!
Your water elemental struggles to get unstuck from the web.
You swap places.
You feel sick.
Donald tears the web.
Donald blocks your worker ant's attack.
Your water elemental pulls away from the web.
You feel sick.
Donald hits your worker ant with a +1 broad axe of venom!!
Your worker ant dies!
Your worker ant's corpse disappears in a puff of smoke!
You feel sick.
Aim: Donald, wielding a +1 broad axe of venom, wearing a +4 plate armour of magic resistance and wearing a +0 shield (lightly wounded, fast, unusually strong)
You create a blast of freezing vapour!
Donald is engulfed in freezing vapours.
Your water elemental hits the emperor scorpion!
Donald is engulfed in freezing vapours.
Donald hits you with a +1 broad axe of venom!!!
* * * LOW HITPOINT WARNING * * *
The emperor scorpion is engulfed in freezing vapours.
Okay, then.
Space bends around you!
You blink.
Donald is engulfed in freezing vapours.
Okay, then.
Here: Donald, wielding a +1 broad axe of venom, wearing a +4 plate armour of magic resistance and wearing a +0 shield (lightly wounded, fast, unusually strong)
The floor.
Unknown command.
You fade into invisibility!
You feel sick.
The emperor scorpion is engulfed in freezing vapours.
You are very lightly contaminated with residual magic.
The emperor scorpion is engulfed in freezing vapours.
The ghost moth is engulfed in freezing vapours.
You feel sick.
The emperor scorpion is engulfed in freezing vapours.
You block Donald's attack.
Donald says, "The other people here are really rude."
You feel sick.
Donald hits you with a +1 broad axe of venom!
You die...

###......###
#################........^.######
......^......^.^.y.........^.....
..................s..............
#^..#.......^^..s................
#^..........#....#...............
###............#.........#....^..
#......#......@.......^....^...
####..#..#..###.@................
........###^###.....^.#......#...
.......#.#.##......##^#^...#.#..#
...........^#......#####.....^..#
..^....^...........# ###..#.....#
...^.........#.#..####........^##
.............^.#.## #..^......###
#..^....^#....##.# ##...^#...^..
#.....#.....^###†## #....#.....#


You could see 2 emperor scorpions, Donald and a ghost moth (invisible).

Vanquished Creatures
  A ghost moth (Spider:2)
  3 emperor scorpions
  An orc warlord (Orc:2)
  2 entropy weavers
  A spark wasp (Spider:4)
  Snorg (Orc:1)
  A fire dragon (Lair:6)
  A great orb of eyes (D:13)
  Harold (Lair:1)
  A vault guard (D:13)
  3 catoblepae
  4 two-headed ogres
  3 centaur warriors
  A death yak (Lair:4)
  2 tengu warriors
  4 orc high priests
  A soul eater (Orc:2)
  5 unseen horrors
  A deep elf archer (D:15)
  4 orc knights
  12 deep elf magi
  A lindwurm (Lair:6)
  14 ugly things
  7 orc sorcerers
  8 orb spiders
  27 wolf spiders
  3 manticores (D:13)
  3 cyclopes
  2 centaur zombies (D:15)
  9 elephants
  A moth of wrath (Spider:4)
  10 black mambas
  7 spiny frogs
  2 gargoyles
  2 torpor snails
  A molten gargoyle (Lair:6)
  6 kobold demonologists
  7 komodo dragons
  8 demonic crawlers
  A freezing wraith (D:15)
  A rime drake (Lair:4)
  5 tengu conjurers
  5 hornets
  A merfolk (Lair:2)
  36 jumping spiders
  A polar bear (Lair:6)
  5 trolls
  5 dream sheep (Lair:6)
  Prince Ribbit (D:9)
  8 slime creatures
  4 blink frogs (Lair:6)
  11 hippogriffs
  A hippogriff (shapeshifter) (D:15)
  A centaur simulacrum (D:14)
  A shadow (D:12)
  3 wyverns
  41 yaks
  64 redbacks
  6 basilisks
  20 tarantellas
  A wraith (D:13)
  4 steam dragons
  A vampire mosquito (D:14)
  Grum (Lair:1)
  2 hungry ghosts
  2 chaos spawn (Orc:2)
  6 wargs
  14 water moccasins
  4 hell hounds (Lair:6)
  3 porcupines
  2 sky beasts
  4 ice beasts (D:14)
  2 phantoms
  24 orc warriors
  10 ogres
  2 eyes of draining (D:3)
  7 wolves
  12 centaurs
  12 crocodiles
  2 big kobolds (D:11)
  20 bullfrogs
  A wyvern skeleton (D:12)
  7 killer bees
  A water moccasin skeleton (D:10)
  8 wights
  2 electric eels (Lair:2)
  5 lava snakes (Lair:6)
  5 bullfrog zombies
  15 crimson imps
  3 quasits
  2 hounds
  7 centaur skeletons
  A bullfrog skeleton (D:11)
  21 orc wizards
  24 orc priests
  4 jellies
  2 iguanas
  6 hell rats (Lair:6)
  12 worker ants
  A killer bee zombie (D:10)
  3 hound zombies
  A hound skeleton (D:8)
  A mummy (D:9)
  A howler monkey zombie (D:11)
  5 gnolls
  2 worker ant zombies
  16 adders
  A river rat (D:4)
  4 shadow imps
  A white imp (D:10)
  3 worms
  A dart slug (D:1)
  6 leopard geckos
  59 orcs
  6 giant cockroaches
  7 goblins
  4 hobgoblins
  15 jackals
  5 quokkas
  2 ball pythons
  4 bats
  8 frilled lizards
  13 kobolds
  A leopard gecko skeleton (D:5)
  2 quokka skeletons
  11 rats
  10 fungi
  5 plants
851 creatures vanquished.

Vanquished Creatures (others)
  An emperor scorpion (Spider:2)
  An entropy weaver (Spider:4)
  A spark wasp (Spider:4)
  5 hydras
  A centaur warrior (D:14)
  3 two-headed ogres
  A sun demon (Orc:1)
  2 gelid demonspawn (Orc:2)
  A wizard (D:14)
  9 orb spiders
  An orc sorcerer (Orc:2)
  A moth of wrath (Spider:1)
  A wolf spider (Spider:1)
  2 ugly things
  A manticore (D:13)
  A molten gargoyle (Lair:6)
  A spiny frog (Lair:4)
  2 gargoyles
  A kobold demonologist (D:11)
  A komodo dragon (Lair:6)
  2 trolls
  3 hornets
  A blink frog (Lair:6)
  4 slime creatures
  3 redbacks
  2 tarantellas (Spider:4)
  2 vampire mosquitoes (D:13)
  A warg (D:8)
  A water moccasin (Lair:4)
  3 orc warriors
  2 ogres
  A centaur (D:15)
  2 killer bees (D:9)
  A wight (D:9)
  A hound (D:4)
  6 fungi
  4 plants
76 creatures vanquished.

Grand Total: 927 creatures vanquished

Notes
Turn   | Place    | Note
-------+----------+-------------------------------------------
     0 | Abyss:1  | vurker the Formicid Abyssal Knight began the quest for the
                  | Orb.
     0 | Abyss:1  | Reached XP level 1. HP: 18/18 MP: 2/2
    42 | Abyss:1  | Found a sparkling altar of Nemelex Xobeh.
    45 | D:1      | Escaped the Abyss
    70 | D:1      | Reached XP level 2. HP: 9/24 MP: 3/3
   328 | D:1      | Reached ** piety under Lugonu
   498 | D:1      | Reached XP level 3. HP: 28/29 MP: 4/4
  1144 | D:1      | Reached skill level 3 in Axes
  1676 | D:2      | Reached XP level 4. HP: 30/37 MP: 6/6
  2810 | D:3      | Reached XP level 5. HP: 11/42 MP: 7/7
  3051 | D:3      | You fall into a shaft and drop 2 floors!
  3051 | D:5      | Entered Level 5 of the Dungeon
  3102 | D:5      | Found a staircase to the Ecumenical Temple.
  3184 | D:4      | Reached skill level 4 in Axes
  3408 | D:4      | Reached skill level 1 in Shields
  3437 | D:4      | HP: 2/42 [poisoned by a worker ant]
  3747 | D:4      | Noticed an ogre
  3749 | D:4      | Noticed an ogre
  3763 | D:3      | Killed an ogre
  3763 | D:3      | Reached XP level 6. HP: 20/49 MP: 7/9
  3987 | D:3      | Reached *** piety under Lugonu
  4142 | D:3      | Found a bloodstained altar of Trog.
  4142 | D:3      | Noticed an eye of draining
  4142 | D:3      | Noticed an eye of draining
  4164 | D:3      | Killed an eye of draining
  4164 | D:3      | Reached XP level 7. HP: 55/55 MP: 0/10
  4165 | D:3      | Reached skill level 5 in Axes
  4552 | D:4      | Reached skill level 5 in Fighting
  5220 | D:4      | Reached skill level 5 in Invocations
  5220 | D:4      | Reached XP level 8. HP: 20/62 MP: 11/11
  5611 | D:4      | Reached skill level 6 in Axes
  7273 | D:5      | Found a sacrificial altar of Ru.
  7391 | D:6      | Reached **** piety under Lugonu
  7570 | D:6      | Reached skill level 7 in Axes
  8181 | D:6      | Reached XP level 9. HP: 17/71 MP: 13/13
  8973 | D:7      | Found Taraw's Armour Boutique.
  8984 | D:7      | Reached skill level 8 in Axes
  9176 | D:7      | Found an iron altar of Okawaru.
  9179 | D:7      | Found a shadowy altar of Dithmenos.
  9184 | D:7      | Found a shimmering altar of Xom.
  9727 | D:8      | Noticed a two-headed ogre
  9728 | D:8      | Banished a two-headed ogre
  9991 | D:8      | Reached skill level 9 in Axes
 10398 | D:8      | Found a staircase to the Lair.
 10885 | D:8      | Found an ornate altar of the Wu Jian Council.
 10974 | D:8      | Found the +2 hat of the Bear Spirit {Spirit, +Rage rN+
                  | MR++}
 11142 | D:8      | Reached XP level 10. HP: 65/80 MP: 15/15
 11485 | D:9      | Noticed Erica
 11489 | D:9      | Banished Erica
 12022 | D:9      | Reached skill level 10 in Axes
 12040 | D:9      | Noticed Erolcha
 12041 | D:9      | Noticed Prince Ribbit
 12070 | D:9      | Killed Prince Ribbit
 12081 | D:9      | Banished Erolcha
 12541 | D:9      | Found a staircase to the Orcish Mines.
 12612 | D:9      | Found a snail-covered altar of Cheibriados.
 12815 | D:10     | Entered Level 10 of the Dungeon
 13266 | D:10     | Noticed a gargoyle
 13270 | D:10     | Banished a gargoyle
 13685 | D:10     | Reached skill level 11 in Axes
 13715 | D:10     | Reached XP level 11. HP: 80/89 MP: 18/18
 13991 | D:10     | Noticed an unseen horror
 14031 | D:10     | Killed an unseen horror
 14449 | D:10     | Noticed an unseen horror
 14461 | D:10     | Killed an unseen horror
 14461 | D:10     | Reached skill level 10 in Invocations
 14521 | D:10     | Found Seolup's Demolitions Depot.
 15235 | D:11     | Reached skill level 12 in Axes
 15235 | D:11     | Reached skill level 1 in Evocations
 15607 | D:11     | Reached skill level 10 in Fighting
 15732 | D:11     | Noticed a two-headed ogre
 15743 | D:11     | Noticed a two-headed ogre
 15744 | D:11     | Killed a two-headed ogre
 15746 | D:11     | Banished a two-headed ogre
 16095 | D:11     | Noticed an unseen horror
 16112 | D:11     | Killed an unseen horror
 16324 | D:11     | Noticed a cyclops
 16336 | D:11     | Killed a cyclops
 16770 | D:7      | Bought a +0 cloak for 67 gold pieces
 16770 | D:7      | Bought a +0 pair of gloves for 67 gold pieces
 16816 | Lair:1   | Entered Level 1 of the Lair of Beasts
 16837 | Lair:1   | Noticed Grum
 16851 | D:8      | Reached XP level 12. HP: 49/97 MP: 20/20
 17044 | Lair:1   | Killed Grum
 17408 | Lair:1   | Found a runed translucent door.
 17411 | Lair:1   | Noticed quik's ghost (journeyman BaAM)
 17431 | Lair:1   | Noticed Harold
 17443 | Lair:1   | Killed Harold
 17472 | Lair:1   | Noticed a seven-headed hydra
 17473 | Lair:1   | Banished a seven-headed hydra
 17480 | Lair:1   | Noticed Nergalle
 17487 | Lair:1   | Banished Nergalle
 17613 | Lair:1   | Identified a scroll of acquirement
 17845 | Lair:1   | Reached skill level 13 in Axes
 18310 | Lair:2   | You fall into a shaft and drop 2 floors!
 18369 | Lair:3   | Noticed a four-headed hydra
 18370 | Lair:3   | Banished a four-headed hydra
 18651 | Lair:3   | Noticed Sonja
 18873 | Lair:3   | Banished Sonja
 19376 | Lair:3   | Noticed a four-headed hydra
 19377 | Lair:3   | Banished a four-headed hydra
 19461 | Lair:2   | Reached skill level 5 in Evocations
 20272 | Lair:2   | Found a staircase to the Shoals.
 21117 | Lair:2   | Found a runed translucent door.
 21117 | Lair:2   | Noticed Habiwosh's ghost (journeyman GnSk)
 21368 | Lair:3   | Reached XP level 13. HP: 85/106 MP: 21/21
 22025 | Lair:3   | Reached skill level 14 in Axes
 22810 | Lair:4   | Found a hole to the Spider Nest.
 23513 | Lair:4   | Noticed a catoblepas
 23552 | Lair:4   | Killed a catoblepas
 24457 | Lair:5   | Noticed Nessos
 24458 | Lair:5   | Banished Nessos
 24572 | Lair:5   | Noticed a four-headed hydra
 24576 | Lair:5   | Banished a four-headed hydra
 24802 | Lair:5   | Noticed a catoblepas
 24816 | Lair:5   | Killed a catoblepas
 25472 | Lair:6   | Entered Level 6 of the Lair of Beasts
 25721 | Lair:6   | Found a staircase to the Slime Pits.
 26011 | Lair:6   | Reached skill level 15 in Axes
 26882 | Lair:6   | Reached XP level 14. HP: 22/116 MP: 23/23
 28297 | Lair:6   | Found a large runed translucent door.
 28298 | Lair:6   | Found a large runed translucent door.
 29948 | Lair:6   | Reached skill level 16 in Axes
 30576 | Orc:1    | Entered Level 1 of the Orcish Mines
 30608 | Orc:1    | You fall into a shaft and drop 1 floor!
 30608 | Orc:2    | Entered Level 2 of the Orcish Mines
 30636 | Orc:2    | Noticed an orc warlord
 30648 | Orc:2    | Noticed Snorg
 31051 | Orc:1    | Killed Snorg
 31274 | Orc:2    | Found a staircase to the Elven Halls.
 32393 | Orc:2    | Found a staircase to the Elven Halls.
 33003 | Orc:2    | Found Hauvijut's Distillery.
 33262 | Orc:2    | Found Weaps's Magic Scroll Shoppe.
 33709 | Orc:2    | Killed an orc warlord
 35121 | Orc:1    | Reached XP level 15. HP: 88/124 MP: 25/25
 36088 | Orc:2    | Found Mienteid's Antique Weapon Shop.
 36088 | Orc:2    | Found a one-way gate leading to the halls of Pandemonium.
 36088 | Orc:2    | Found Woiculus's Gadget Boutique.
 36478 | Orc:2    | Found Weaps's Magic Scroll Shoppe.
 36480 | Orc:2    | Found Hauvijut's Distillery.
 36489 | Orc:2    | Found a staircase to the Elven Halls.
 37066 | Orc:2    | Bought a scroll of summoning for 123 gold pieces
 37068 | Orc:2    | Bought a potion of invisibility for 128 gold pieces
 37068 | Orc:2    | Bought a potion of resistance for 160 gold pieces
 37068 | Orc:2    | Bought 2 potions of heal wounds for 160 gold pieces
 37068 | Orc:2    | Bought a potion of cancellation for 128 gold pieces
 37097 | Orc:2    | Bought a phial of floods for 520 gold pieces
 37097 | Orc:2    | Bought a wand of digging (2) for 156 gold pieces
 37097 | Orc:2    | Bought a wand of iceblast (5) for 117 gold pieces
 37097 | Orc:2    | Bought a wand of acid (7) for 286 gold pieces
 37587 | D:12     | Reached skill level 17 in Axes
 38754 | D:13     | Reached skill level 15 in Invocations
 39084 | D:13     | Found a snail-covered altar of Cheibriados.
 39088 | D:13     | Found a runed translucent gate.
 39088 | D:13     | Found a runed translucent gate.
 39088 | D:13     | Found a runed translucent gate.
 39088 | D:13     | Found an iron altar of Okawaru.
 39088 | D:13     | Noticed Iseh's ghost (journeyman FoFi)
 40249 | D:14     | Found a runed translucent door.
 40249 | D:14     | Noticed Woryl's ghost (journeyman CeHu)
 42071 | D:14     | Reached XP level 16. HP: 134/134 MP: 27/27
 42833 | D:14     | Reached skill level 18 in Axes
 42839 | D:14     | Found a gate to the Vaults.
 42924 | D:15     | Entered Level 15 of the Dungeon
 43067 | D:15     | Found a white marble altar of Elyvilon.
 43068 | D:15     | Gained mutation: You are dopey. (Int -2) [a neqoxec]
 45078 | D:15     | Reached skill level 15 in Fighting
 45373 | D:15     | Found a staircase to the Depths.
 46321 | Spider:1 | Entered Level 1 of the Spider Nest
 47621 | Orc:2    | Bought a potion of curing for 48 gold pieces
 47621 | Orc:2    | Bought a potion of curing for 48 gold pieces
 47621 | Orc:2    | Bought a potion of lignification for 48 gold pieces
 48094 | Spider:1 | Noticed Frances
 48097 | Spider:1 | Banished Frances
 48160 | Spider:1 | Got a faintly glowing chain mail
 48161 | Spider:1 | Identified the cursed +1 chain mail of Hedge Wizardry
                  | {Int+6 SInv} (You found it on level 1 of the Spider Nest)
 49983 | Spider:2 | Reached XP level 17. HP: 142/142 MP: 29/29
 50749 | Spider:2 | Reached skill level 5 in Shields
 51402 | Spider:2 | Reached skill level 19 in Axes
 51555 | Spider:2 | Got a twisted hand crossbow
 51672 | Spider:2 | Got a slimy fustibalus
 54582 | Spider:4 | Entered Level 4 of the Spider Nest
 57415 | Spider:4 | Reached XP level 18. HP: 92/151 MP: 30/30
 58192 | Spider:4 | Noticed Donald
 58220 | Spider:4 | HP: 6/151 [Donald/+1 broad axe of venom (41)]
 58227 | Spider:4 | HP: 3/151 [poisoned by Donald]
 58227 | Spider:4 | Demolished by Donald

Levels and vault maps discovered:
D:1:      minmay_arrival_checkered_box, layout_rooms, amethyst_killhole
D:2:      wad_lake_hut, layout_loops_corners
D:3:      layout_rooms, trog_eyes_of_draining
D:4:      minmay_evil_eye, layout_basic, portal_sewer_entry_c,
          kennysheep_generic_room_7
D:5:      layout_cave_pods, minmay_temple_entry_purple_smoke, first_ration,
          kennysheep_cross_bottleneck, nicolae_ru_path_of_blood
D:6:      layout_rooms, due_unseen_surprise
D:7:      layout_basic, grunt_temple_overflow_diamond, serial_shops, shop
D:8:      layout_layer_cave, kennysheep_little_box, erik_lair_orcish_takeover,
          grunt_ogre_cave
D:9:      layout_rooms, slow_altar_1, orc_0_dummy, lemuel_old_faithful,
          uniq_erolcha, uniq_erica, uniq_prince_ribbit1
D:10:     layout_long_grid, nicolae_blasting_shop, corner_web_ring,
          minmay_nine_imps
D:11:     layout_basic
D:12:     layout_basic
D:13:     layout_cave_pools, gammafunk_ghost_fury_of_okawaru,
          cheibriados_altar_1
D:14:     layout_irregular_city, david_vaults_5, hellmonk_ghost_happy_afterlife,
          infiniplex_staircase_star
D:15:     hangedman_depths_entry_civil_slaughter, layout_irregular_city,
          elyvilon_altar_5, nicolae_wand_duel, hangedman_decor_growths,
          minivault_4, elves_outpost_lemuel
Lair:1:   layout_chaotic_city, hellmonk_ghost_happy_afterlife, uniq_grum,
          uniq_nergalle, uniq_harold
Lair:2:   layout_regular_city, elwin_shoals_entry_rooms, gammafunk_ghost_grave,
          serial_bayou_shore_a, lemuel_fruit_tree
Lair:3:   layout_regular_city, uniq_sonja
Lair:4:   layout_gridlike, spider_nest_entry_rubble, nicolae_lair_yak_garden,
          grunt_megastairs_3
Lair:5:   layout_loops_ring, grunt_megastairs_5, uniq_nessos
Lair:6:   cheibrodos_lair_end_hotspot, layout_long_grid, slime_dummy,
          st_stairs_9
Spider:1: layout_spider_delve, uniq_frances
Spider:2: layout_spider_delve, nicolae_orb_stairs
Spider:3: layout_chambers
Spider:4: guppyfry_spider_rune, uniq_donald
Orc:1:    layout_caves
Orc:2:    pf_orc_diabolical, layout_diamond_mine, nooodl_orcs_dogs, uniq_snorg

Skill      XL: |  1  2  3  4  5  6  7  8  9 10 11 12 13 14 15 16 17 |
---------------+----------------------------------------------------+-----
Axes           | 3 4 5 7 9 11 12 13 15 16 17 18 19 | 19.6
Invocations    | 3 4 5 6 7 9 10 11 13 14 15 16 17 | 17.0
Fighting       | 4 5 6 7 9 10 11 12 13 14 15 | 15.9
Shields        | 1 2 4 7 |  7.4
Evocations     | 3 5 7 |  7.4
Armour         | |  2.1
Dodging        | |  0.8

Action                   |  1- 3 |  4- 6 |  7- 9 | 10-12 | 13-15 | 16-18 || total
-------------------------+-------+-------+-------+-------+-------+-------++-------
Melee: Hand axe          |    91 |   167 |   416 |   315 |       |       ||   989
       War axe           |       |       |       |   376 |   717 |       ||  1093
       Battleaxe         |       |       |       |       |   545 |   814 ||  1359
Invok: Banish            |       |       |     6 |    15 |    43 |    36 ||   100
       Bend Space        |       |       |       |       |     2 |     3 ||     5
 Abil: Dig               |       |       |       |       |     2 |     3 ||     5
Evoke: Wand              |       |       |       |     3 |    18 |     9 ||    30
       Fan of gales      |       |       |       |       |     1 |     1 ||     2
       Phantom mirror    |       |       |       |       |     1 |       ||     1
       Phial of floods   |       |       |       |       |       |     1 ||     1
       Sack of spiders   |       |       |       |       |       |     1 ||     1
  Use: Scroll            |       |       |    12 |     9 |     7 |     6 ||    34
       Potion            |       |       |     1 |     1 |     3 |    11 ||    16
 Stab: Petrifying        |       |       |       |       |     3 |       ||     3
       Petrified         |       |       |       |       |     1 |       ||     1
       Held in net/web   |       |       |       |       |       |     1 ||     1
  Eat: Chunk             |     2 |     8 |    24 |    14 |    44 |    11 ||   103
       Ration            |       |       |       |     7 |    10 |    17 ||    34
Armor: Leather armour    |    26 |    20 |       |       |       |       ||    46
       Chain mail        |       |    41 |   214 |       |       |       ||   255
       Plate armour      |       |       |    22 |   304 |   584 |   670 ||  1580
       Skin              |       |       |       |       |       |    27 ||    27
Dodge: Dodged            |    59 |    75 |   133 |   299 |   283 |   209 ||  1058
Block: Buckler           |       |     9 |    80 |   108 |   149 |    28 ||   374
       Shield            |       |       |       |       |       |   484 ||   484
       Reflection        |       |       |       |       |       |     4 ||     4

Table legend:
 A = Non-vault XP
 B = Vault XP
 C = Vault XP percentage of total XP
 D = Non-vault monster count
 E = Vault monster count
 F = Vault count percentage of total count
                 A         B        C        D         E       F
            +---------+---------+-------+---------+---------+-------
      Total |  143168 |   66133 |  31.6 |     696 |     217 |  23.8
            +---------+---------+-------+---------+---------+-------
        D:1 |      50 |       0 |   0.0 |      30 |       0 |   0.0
        D:2 |      26 |       0 |   0.0 |       8 |       0 |   0.0
        D:3 |     250 |     268 |  51.7 |      26 |       5 |  16.1
        D:4 |     532 |      28 |   5.0 |      22 |       9 |  29.0
        D:5 |     495 |       0 |   0.0 |      15 |       0 |   0.0
        D:6 |     653 |       0 |   0.0 |      22 |       0 |   0.0
        D:7 |     426 |       0 |   0.0 |      15 |       0 |   0.0
        D:8 |     743 |     761 |  50.6 |       8 |      10 |  55.6
        D:9 |    1038 |    1386 |  57.2 |      14 |       4 |  22.2
       D:10 |    3855 |     398 |   9.4 |      36 |       9 |  20.0
       D:11 |    4260 |       0 |   0.0 |      17 |       0 |   0.0
       D:12 |    9307 |       0 |   0.0 |      40 |       0 |   0.0
       D:13 |   10233 |    1977 |  16.2 |      45 |       2 |   4.3
       D:14 |   12584 |    5419 |  30.1 |      50 |      10 |  16.7
       D:15 |   10048 |    5951 |  37.2 |      26 |       9 |  25.7
     Lair:1 |    2703 |    1955 |  42.0 |      14 |       6 |  30.0
     Lair:2 |    2661 |     298 |  10.1 |      15 |       1 |   6.2
     Lair:3 |    7001 |     401 |   5.4 |      28 |       1 |   3.4
     Lair:4 |    2490 |    3512 |  58.5 |       9 |       9 |  50.0
     Lair:5 |    2421 |     756 |  23.8 |       7 |       2 |  22.2
     Lair:6 |   11555 |    9334 |  44.7 |      47 |      31 |  39.7
   Spider:1 |   18018 |    1153 |   6.0 |      55 |       1 |   1.8
   Spider:2 |   13113 |    1186 |   8.3 |      32 |       4 |  11.1
   Spider:3 |   12587 |       0 |   0.0 |      40 |       0 |   0.0
   Spider:4 |   12902 |   14247 |  52.5 |      38 |      31 |  44.9
      Orc:1 |     345 |    3688 |  91.4 |       8 |       6 |  42.9
      Orc:2 |    2872 |   13415 |  82.4 |      29 |      67 |  69.8
            +---------+---------+-------+---------+---------+-------
